 Dungeon Sprint DCSS version 0.20-a0-641-g673355a (webtiles) character file.

180 Kidiri the Thaumaturge (level 5, 0/32 HPs)
             Began as a Deep Elf Fire Elementalist on Feb 13, 2017.
             Slain by a red devil
             ... wielding a +0 trident
             ... summoned by a kobold demonologist
              (19 damage)
             ... in the Dungeon (Sprint III: "The Ten Rune Challenge").
             The game lasted 00:02:52 (554 turns).

Kidiri the Thaumaturge (Deep Elf Fire Elementalist)  Turns: 554, Time: 00:02:53

Health: 0/32       AC:  2    Str:  5    XL:     5   Next: 33%
Magic:  13/17      EV: 15    Int: 21    God:
Gold:   21         SH:  0    Dex: 17    Spells: 2/20 levels left

rFire    . . .     SeeInvis .   l - +0 dagger
rCold    . . .     Gourm    .   a - +0 robe
rNeg     . . .     Faith    .   (no shield)
rPois    .         Spirit   .   (no helmet)
rElec    .         Reflect  .   (no cloak)
rCorr    .         Harm     .   (no gloves)
MR       +....     NoTele   +   (no boots)
Stlth    ++........             (no amulet)
Regen    0.1/turn               (no ring)
MPRegen  0.2/turn               (no ring)

@: no status effects
A: agile 1, magic resistance 1, sense surroundings 1
a: no special abilities


You were in the Dungeon.
You were not hungry.

You visited 1 branch You collected 21 gold pieces.

Inventory:

Hand Weapons
 l - a +0 dagger (weapon)
Armour
 a - a +0 robe (worn)
Scrolls
 i - a scroll of blinking
 k - 2 scrolls of immolation
 n - a scroll of remove curse
 q - a scroll of torment
 r - a scroll of amnesia
Potions
 d - a potion of curing
 e - a potion of heal wounds
 f - a potion of haste
 g - 2 potions of magic
 h - a potion of berserk rage
 p - 3 potions of flight
Books
 b - a book of Flames

   Spells                             Type                      Level
   a - Flame Tongue                   Conjuration/Fire             1
   b - Throw Flame                    Conjuration/Fire             2
   c - Conjure Flame                  Conjuration/Fire             3
   d - Inner Flame                    Hexes/Fire                   3
   e - Sticky Flame                   Conjuration/Fire             4
   f - Fireball                       Conjuration/Fire             5
Comestibles
 c - 2 bread rations
 o - 4 fruits


   Skills:
 + Level 3.0 Fighting
 + Level 2.9 Short Blades
 + Level 3.0 Armour
 + Level 5.2 Dodging
 - Level 2.4 Stealth
 * Level 8.0 Spellcasting
 + Level 4.3 Conjurations
 + Level 5.4 Fire Magic


You had 2 spell levels left.
You knew the following spells:

 Your Spells              Type           Power        Failure   Level  Hunger
a - Flame Tongue          Conj/Fire      ####.        1%          1    None
b - Throw Flame           Conj/Fire      ####..       1%          2    None
c - Conjure Flame         Conj/Fire      ####....     3%          3    None
d - Inner Flame           Hex/Fire       ###.....     10%         3    None
e - Sticky Flame          Conj/Fire      ####....     14%         4    ###....
f - Fireball              Conj/Fire      ####......   34%         5    #####..


Dungeon Overview and Level Annotations

Branches:
Dungeon (1/1)

Altars:
Kikubaaqudgha
Sif Muna
Vehumet


Innate Abilities, Weirdness & Mutations

You are agile. (Dex +2)
You are resistant to hostile enchantments. (MR+)
You passively map a small area around you.


Message History

Confirm with . or Enter, or press ? or * to list all spells.
Aiming: Sticky Flame
Press: ? - help, Shift-Dir - straight line, f - wizard
Aim: a wizard, wielding a dagger and wearing a robe The sticky flame hits the wizard.
The wizard is moderately wounded.
The wizard is covered in liquid flames!
The wizard burns!
The wizard points at you and mumbles some strange words.
You suddenly lose the ability to move!
The red devil hits you from afar with a trident!
The wizard burns!
You kill the wizard!
Your Fighting skill increases to level 3!
Your Armour skill increases to level 3!
Your Spellcasting skill increases to level 8!
The kobold demonologist begins to cast a cantrip, but forgets the words!
You can move again.
The red devil hits you with a trident!!
Ouch! That really hurt!
You die...

##...[...#..#..# ,
.##.##...#..#..###+#+###+
*
.##.###..##+#..#.........
####.##..###...'.⌠.......
, ,
##÷.##..####...#...######
* ....##..###....#.⌠.# _
#..##...##.....#...# *,,
, ..##....#÷.....#'### *,
.###..##.#.....#@)$# * .#
#..#####....#4K_# ▓▓ ▓▓▓▓
▓▓▓▓▓▓▓▓▓▓ ≈ , , ,** , ,
** ≈ * * +, , ≈ * * , ≈ ≈
+ * * ** *


You could see a kobold demonologist and a red devil.

Vanquished Creatures
  A water elemental (D)
  A scorpion (D)
  A wizard (D)
  Jessica (D)
  A human (D)
  3 rats (D)
8 creatures vanquished.

Vanquished Creatures (others)
  2 draconian scorchers (D)
  A hydra (D)
  6 hellions (D)
  A yaktaur (D)
  5 plants (D)
15 creatures vanquished.

Grand Total: 23 creatures vanquished

Notes
Turn   | Place    | Note
-------+----------+-------------------------------------------
     0 | D        | Kidiri the Deep Elf Fire Elementalist began the quest for the Orb.
     0 | D        | Reached XP level 1. HP: 10/10 MP: 6/6
    56 | D        | Noticed Jessica
    69 | D        | Killed Jessica
    69 | D        | Reached skill level 1 in Fighting
    69 | D        | Reached skill level 1 in Armour
    69 | D        | Reached skill level 5 in Spellcasting
    69 | D        | Reached XP level 2. HP: 4/16 MP: 2/10
    77 | D        | Learned a level 2 spell: Throw Flame
    88 | D        | Killed a yaktaur
    96 | D        | Killed a hellion
   135 | D        | Killed a hellion
   139 | D        | Killed a hellion
   180 | D        | Killed a hellion
   211 | D        | Killed a hellion
   213 | D        | Killed a hellion
   249 | D        | Killed a white draconian scorcher
   270 | D        | Killed a six-headed hydra
   302 | D        | Reached XP level 3. HP: 17/21 MP: 1/12
   307 | D        | Learned a level 3 spell: Conjure Flame
   311 | D        | Learned a level 3 spell: Inner Flame
   317 | D        | Killed a white draconian scorcher
   380 | D        | Noticed a scorpion
   392 | D        | Killed a scorpion
   392 | D        | Reached skill level 1 in Short Blades
   392 | D        | Reached skill level 6 in Spellcasting
   392 | D        | Reached XP level 4. HP: 26/26 MP: 5/14
   398 | D        | Learned a level 4 spell: Sticky Flame
   478 | D        | Gained mutation: You expend magic power (3 MP) to strengthen your wands. [potion of mutation]
   478 | D        | Gained mutation: Your system is resistant to poisons. (rPois) [potion of mutation]
   478 | D        | Gained mutation: You are robust. (+10% HP) [potion of mutation]
   478 | D        | Gained mutation: You are partially covered in large bone plates. (SH +4) [potion of mutation]
   479 | D        | Lost mutation: You expend magic power (3 MP) to strengthen your wands. [potion of mutation]
   479 | D        | Lost mutation: You are robust. (+10% HP) [potion of mutation]
   479 | D        | Lost mutation: Your system is resistant to poisons. (rPois) [potion of mutation]
   479 | D        | Gained mutation: You have sharp toenails. [potion of mutation]
   479 | D        | Lost mutation: You are partially covered in large bone plates. (SH +4) [potion of mutation]
   479 | D        | Gained mutation: Your flesh is cold resistant. (rC+) [potion of mutation]
   480 | D        | Lost mutation: You have sharp toenails. [potion of mutation]
   480 | D        | Lost mutation: Your flesh is cold resistant. (rC+) [potion of mutation]
   480 | D        | Gained mutation: Your mind is acute. (Int +2) [potion of mutation]
   480 | D        | Gained mutation: Your spells are a little harder to cast, but a little more powerful. [potion of mutation]
   480 | D        | Gained mutation: Your body sometimes deteriorates upon taking damage. [potion of mutation]
   480 | D        | Gained mutation: Your muscles are strong. (Str +2) [potion of mutation]
   481 | D        | Lost mutation: Your body sometimes deteriorates upon taking damage. [potion of mutation]
   481 | D        | Lost mutation: Your mind is acute. (Int +2) [potion of mutation]
   481 | D        | Lost mutation: Your muscles are strong. (Str +2) [potion of mutation]
   481 | D        | Lost mutation: Your spells are a little harder to cast, but a little more powerful. [potion of mutation]
   481 | D        | Gained mutation: You can translocate small distances at will. [potion of mutation]
   481 | D        | Gained mutation: You possess an exceptional clarity of mind. [potion of mutation]
   482 | D        | Gained mutation: Your body sometimes deteriorates upon taking damage. [potion of mutation]
   482 | D        | Gained mutation: You are covered in fur. (AC +1) [potion of mutation]
   483 | D        | Lost mutation: Your body sometimes deteriorates upon taking damage. [potion of mutation]
   483 | D        | Lost mutation: You are covered in fur. (AC +1) [potion of mutation]
   483 | D        | Lost mutation: You can translocate small distances at will. [potion of mutation]
   483 | D        | Lost mutation: You possess an exceptional clarity of mind. [potion of mutation]
   483 | D        | Gained mutation: You are resistant to hostile enchantments. (MR+) [potion of mutation]
   483 | D        | Gained mutation: You are agile. (Dex +2) [potion of mutation]
   483 | D        | Gained mutation: You passively map a small area around you. [potion of mutation]
   496 | D        | Noticed a water elemental
   499 | D        | Killed a water elemental
   499 | D        | Reached skill level 5 in Dodging
   499 | D        | Reached skill level 7 in Spellcasting
   499 | D        | Reached skill level 5 in Fire Magic
   499 | D        | Reached XP level 5. HP: 31/31 MP: 10/17
   506 | D        | Learned a level 5 spell: Fireball
   550 | D        | Found a radiant altar of Vehumet.
   551 | D        | Found a deep blue altar of Sif Muna.
   551 | D        | Found an ancient bone altar of Kikubaaqudgha.
   552 | D        | Noticed a red devil
   552 | D        | Paralysed by a wizard for 2 turns
   553 | D        | Reached skill level 8 in Spellcasting
   554 | D        | Slain by a red devil

Vault maps used:
D:        dungeon_sprint_mu

Skill      XL: |  1  2  3  4  5 |
---------------+----------------+-----
Fighting       | 1 2 3 |  3.0
Armour         | 1 2 3 |  3.0
Dodging        | 3 4 5 |  5.2
Spellcasting   | 5 6 7 8 |  8.0
Conjurations   | 2 3 4 |  4.3
Fire Magic     | 4 5 |  5.4
Short Blades   | 1 2 |  2.9
Stealth        | |  2.4

Action                   |  1- 3 |  4- 6 || total
-------------------------+-------+-------++-------
 Cast: Flame Tongue      |    20 |     3 ||    23
       Conjure Flame     |     1 |     1 ||     2
       Sticky Flame      |       |     1 ||     1
  Use: Potion            |       |     6 ||     6
       Scroll            |       |     4 ||     4
Armor: Robe              |     2 |       ||     2
Dodge: Dodged            |     7 |       ||     7
